 Dungeon Crawl Stone Soup version 0.23-a0-416-g33f1def (webtiles) character file.

20 VLARC the Covered (level 2, 0/16 HPs)
             Began as a Vine Stalker Wanderer on Nov 10, 2018.
             Fell down a flight of stairs (1 damage)
             ... on level 3 of the Dungeon.
             The game lasted 00:02:56 (890 turns).

VLARC the Covered (Vine Stalker Wanderer)            Turns: 890, Time: 00:02:57

Health: 0/16       AC:  8    Str: 15    XL:     2   Next: 79%
Magic:  0/4        EV:  9    Int: 12    God:
Gold:   55         SH:  0    Dex: 12    Spells: 2/3 levels left

rFire    . . .     SeeInvis .   b - +0 mace
rCold    . . .     Gourm    .   (no shield)
rNeg     . . .     Faith    .   a - +2 scale mail
rPois    .         Spirit   +   (no helmet)
rElec    .         Reflect  .   (no cloak)
rCorr    .         Harm     .   (no gloves)
MR       .....                  (no boots)
Stlth    ..........             (no amulet)
HPRegen  0.05/turn              (no ring)
MPRegen  0.09/turn              (no ring)

@: confused
A: fangs 2, magic shield, antimagic bite, no potion heal 3, rot immunity
a: no special abilities


You were on level 3 of the Dungeon.
You were not hungry.

You visited 1 branch of the dungeon, and saw 3 of its levels.

You collected 55 gold pieces.

Inventory:

Hand Weapons
 b - a +0 mace (weapon)
Armour
 a - a +2 scale mail (worn)
Scrolls
 e - a scroll of random uselessness {unknown}
 g - 3 scrolls of teleportation {unknown}
 h - a scroll of fog {unknown}
 k - a scroll of magic mapping {unknown}
 l - a scroll of enchant weapon {unknown}
 n - a scroll of identify {unknown}
Potions
 c - a potion of lignification
 f - a potion of curing {unknown}
 i - a potion of cancellation {unknown}
 j - 2 potions of degeneration {unknown}
Comestibles
 d - 3 rations
 m - 3 chunks of flesh


   Skills:
 + Level 3.0 Fighting
 + Level 1.0 Maces & Flails
   Level 1.0 Crossbows
 - Level 1.0 Throwing
 - Level 3.2 Armour
 - Level 1.2 Stealth
 + Level 1.2 Spellcasting


You had 2 spell levels left.
You knew the following spells:

 Your Spells              Type           Power        Failure   Level  Hunger
a - Animate Skeleton      Necr           N/A          75%         1    ##.....

Your spell library contained the following spells:

 Spells                   Type           Power        Failure   Level  Hunger
 Pain                     Necr           #...         75%         1    ##.....
 Regeneration             Chrm/Necr      #.........   98%         3    ####...
 Vampiric Draining        Necr           #.........   98%         3    ####...
 Animate Dead             Necr           N/A          100%        4    #####..


Dungeon Overview and Level Annotations

Branches:
Dungeon (3/15)

Altars:

Annotations:
D:2 Sigmund


Innate Abilities, Weirdness & Mutations

You have extremely sharp teeth.
When hurt, damage is shared between your health and your magic reserves.
Your bite disrupts and absorbs the magic of your enemies.
Potions cannot restore your health.
You are immune to rotting.


Message History

The orc wizard casts a spell at you.
You are confused.
You bump into the rock wall.
You bump into the rock wall.
The orc priest mumbles some strange prayers to Beogh against you.
Beogh smites you!
Ouch! That really hurt!
You bump into the rock wall.
The orc priest calls down the wrath of Beogh upon you.
Beogh smites you!
* * * LOW HITPOINT WARNING * * *
The orc closely misses you.
You feel less confused. The orc wizard casts a spell at you.
The magic dart hits you!
There is a stone staircase leading up here.
The orc wizard gestures at you while chanting.
You are confused.
In your confused state, you trip and fall back down the stairs.
You die...

##..# ##........
##...###......... .
#......#......... #.
####.....#......... #..
##........#.......#
#.##.........#.......#
#.......##o..##.....##
##...................#
#....@.o...#...####.#
#.....)o...#...o###.#
+.#.........o........##
+...........#....#.....
#.#..................##
#.#..................#
#....................
.................o.##
##.............##.#.#


You could see an orc priest, an orc wizard and 2 orcs.

Vanquished Creatures
  3 dart slugs (D:1)
  A leopard gecko (D:1)
  A giant cockroach (D:2)
  A goblin (D:3)
  A jackal (D:1)
  A ball python (D:1)
  2 bats
  A frilled lizard (D:3)
  A kobold (D:1)
  2 rats
14 creatures vanquished.

Vanquished Creatures (others)
  A kobold (D:2)
1 creature vanquished.

Grand Total: 15 creatures vanquished

Notes
Turn   | Place    | Note
-------+----------+-------------------------------------------
     0 | D:1      | VLARC the Vine Stalker Wanderer began the quest for the
                  | Orb.
     0 | D:1      | VLARC set off with the following items: a +2 scale mail, a
                  | +0 mace, a potion of lignification, a ration
     0 | D:1      | Reached XP level 1. HP: 11/11 MP: 2/2
   261 | D:1      | Reached XP level 2. HP: 16/16 MP: 2/4
   280 | D:1      | Reached skill level 1 in Spellcasting
   576 | D:2      | Noticed Sigmund
   641 | D:2      | Found a faded altar of an unknown god.
   829 | D:3      | Reached skill level 1 in Maces & Flails
   849 | D:3      | Learned a level 1 spell: Animate Skeleton
   890 | D:3      | Fell down a flight of stairs

Vault maps used:
D:1:      dpeg_arrival_brainrot
D:2:      grunt_temple_overflow_holy_war, chequers_ecumenical_altar_simple,
          uniq_sigmund
D:3:      kennysheep_big_flooded_room, grunt_temple_overflow_diamond,
          minmay_ruptured

Skill      XL: |  1  2 |
---------------+-------+-----
Spellcasting   | 1 |  1.2
Fighting       | 3 |  3.0
Maces & Flails | 1 |  1.0
Crossbows      | |  1.0
Throwing       | |  1.0
Armour         | |  3.2
Stealth        | |  1.2

Action                   || total
-------------------------++-------
Melee: Mace              ||    55
       Bite              ||    12
Armor: Scale mail        ||    43
Dodge: Dodged            ||    47

Table legend:
 A = Non-vault XP
 B = Vault XP
 C = Vault XP percentage of total XP
 D = Non-vault monster count
 E = Vault monster count
 F = Vault count percentage of total count
                 A         B        C        D         E       F
            +---------+---------+-------+---------+---------+-------
      Total |      27 |       2 |   6.9 |      13 |       1 |   7.1
            +---------+---------+-------+---------+---------+-------
        D:1 |      18 |       2 |  10.0 |       7 |       1 |  12.5
        D:2 |       5 |       0 |   0.0 |       3 |       0 |   0.0
        D:3 |       4 |       0 |   0.0 |       3 |       0 |   0.0
            +---------+---------+-------+---------+---------+-------
